AoeStats
← Gjallarhorn

Black Forest

504064410Analyzed
1v1 RM · 27d ago on Sep 3, 2026· 20m 11s· 2 players
Game mode
Random Map
Map size
Tiny (2 player)
Population
200
Speed
Normal
Resources
Standard
Victory
Conquest
Starting age
Dark Age
Ending age
Imperial Age
RankedLock teamsTeams togetherTeam positionsShared explorationLock speedFull tech treeHidden civsTurbo modeCheats
Victory
Defeat
🇮🇹 Tatars · Italy
837
+13
🇩🇪 Vikings · Germany
775
-13
Gjallarhorn
7:59 Loom
11:01 Feudal Age
12:06 Double-Bit Axe
12:08 Horse Collar
19:19 Castle Age
19:59 Crossbowman
Masso
6:23 Loom
7:19 Loom
10:43 Feudal Age
12:42 Double-Bit Axe
19:23 Castle Age
17:05 Horse Collar
Connection lost

Rejoining the realm…

Still unreachable

The connection could not be restored.

Session expired

The server has moved on; the page needs a fresh start.